[Event "Team 45 45 League T37"]
[Site "Internet Chess Club"]
[Date "2008.04.27"]
[Round "1"]
[White "chess92192"]
[Black "AVEMARIA"]
[Result "1-0"]
[WhiteElo "1747"]
[BlackElo "1720"]
[Opening "Sicilian defense"]
[ECO "B44"]
[Time "15:59:59"]
[TimeControl "2700+45"]

1. e4 c5 2. Nf3 e6 3. d4 cxd4 4. Nxd4 Nc6 5. Be3 Qc7 6. Be2 a6 7. a3 Nf6 8. Nc3
d6 9. O-O Be7 10. Qd2 O-O 11. Rad1 b5 12. f4 Bb7 13. f5 Nxd4 14. Qxd4 e5 15. Qd3
Rac8 16. h3 Rfd8 17. Bf3 d5 18. exd5 Bc5 19. Kh1 e4 20. Bxe4 Bxe3 21. Qxe3 Re8
22. Qd4 Nxe4 23. Nxe4 Rcd8 24. Nc3 Qd6 25. f6 g6 26. Qh4 Re5 27. Qh6 Qf8 28.
Qxf8+ Kxf8 29. d6 Rg5 30. Rf2 Rg3 31. Kh2 Rg5 32. Re2 Rd7 33. g4 Rc5 34. Re7 Bc8
35. Rxd7 Bxd7 36. Re1 Rc6 37. Rd1 a5 38. Rd2 Rc5 39. Kg3 Re5 40. Kf4 Re6 41. g5
Ke8 42. Ne4 Kd8 43. Nc5 Re1 44. Nb7+ Kc8 45. Nxa5 Bxh3 46. c4 bxc4 47. Nxc4 Bf5
48. d7+ Kd8 49. Nd6 Kxd7 50. Nxf5+ {Black resigns} 1-0

[Event "Team 45 45 League T37"]
[Site "Internet Chess Club"]
[Date "2008.04.29"]
[Round "1"]
[White "Rlopez"]
[Black "GamePlayer"]
[Result "1-0"]
[WhiteElo "1779"]
[BlackElo "1485"]
[Opening "Queen's Indian: 4.Nc3"]
[ECO "E12"]
[Time "21:00:21"]
[TimeControl "2700+45"]

1. d4 Nf6 2. c4 e6 3. Nc3 b6 4. Nf3 Bb7 5. e3 Bb4 6. Be2 Ne4 7. Qc2 c5 8. O-O
Nf6 9. a3 cxd4 10. Nxd4 Nh5 11. Bxh5 Qg5 12. Bf3 Bxf3 13. Nxf3 Qe7 14. axb4 Qxb4
15. Qa4 Qe7 16. Nb5 {Black resigns} 1-0

[Event "Team 45 45 League T37"]
[Site "Internet Chess Club"]
[Date "2008.04.26"]
[Round "1"]
[White "FiendAngelical"]
[Black "frothyjowels"]
[Result "0-1"]
[WhiteElo "1862"]
[BlackElo "2121"]
[Opening "KP: Nimzovich defense"]
[ECO "B00"]
[Time "17:01:49"]
[TimeControl "2700+45"]

1. e4 Nc6 2. Nf3 d6 3. Nc3 Nf6 4. d4 Bg4 5. Be2 e6 6. Be3 d5 7. e5 Nd7 8. h3 Bh5
9. Nd2 Bxe2 10. Qxe2 Be7 11. Qg4 g6 12. O-O-O Nb6 13. Kb1 Qd7 14. Nf3 Nc4 15.
Bg5 a6 16. Qf4 Bxg5 17. Nxg5 b5 18. Qf6 O-O 19. h4 Qe7 20. h5 Qb4 21. b3 Qxc3
22. bxc4 Nb4 23. Rd2 Qxd2 24. Rc1 h6 25. Nxe6 fxe6 26. Qxg6+ Kh8 27. Qxe6 Rxf2
{White resigns} 0-1

[Event "Team 45 45 League T37"]
[Site "Internet Chess Club"]
[Date "2008.04.25"]
[Round "1"]
[White "Kalhalla"]
[Black "alo"]
[Result "1/2-1/2"]
[WhiteElo "1773"]
[BlackElo "1829"]
[Opening "Ruy Lopez: closed, 7...O-O"]
[ECO "C88"]
[Time "14:00:49"]
[TimeControl "2700+45"]

1. e4 e5 2. Nf3 Nc6 3. Bb5 a6 4. Ba4 Nf6 5. O-O Be7 6. Re1 b5 7. Bb3 O-O 8. d3
h6 9. c3 d6 10. Nbd2 Na5 11. Bc2 c5 12. Nf1 Qc7 13. Ne3 Re8 14. h3 Bb7 15. Nh2
d5 16. Nf5 Bf8 17. Ng4 Nh7 18. Ngxh6+ gxh6 19. Qh5 Re6 20. Bxh6 Rg6 21. Bxf8
Rxf8 22. Re3 Kh8 23. Rg3 Rfg8 24. Qh4 Rxg3 25. fxg3 dxe4 26. dxe4 Qd8 27. Qh6
Qf6 28. Qe3 Ng5 29. Rd1 Rd8 30. Rf1 Qg6 31. Ne7 Qg7 32. Rf5 Nh7 33. Rh5 Nc4 34.
Qf3 Rd2 35. Bb3 Rd7 36. Bxc4 bxc4 37. Nd5 Bxd5 38. exd5 Rd6 39. g4 Kg8 40. Qf5
Rxd5 41. Qc8+ Qf8 42. Qc6 Rd1+ 43. Kh2 e4 44. Qxe4 Qd6+ 45. Qe5 Qxe5+ 46. Rxe5
Rd2 47. Rxc5 Rxb2 48. a4 Nf6 49. Rxc4 Nd5 50. Rc6 Rc2 51. c4 Ne3 52. c5 Rxg2+
53. Kh1 Rc2 54. a5 Nd5 55. Kg1 Nb4 56. Rb6 Rxc5 57. Rxb4 Rxa5 58. Kg2 Ra1 59.
Kg3 a5 60. Rb7 a4 61. Kh4 a3 62. Ra7 a2 63. Kg5 Rh1 64. Rxa2 Rxh3 65. Rf2 Ra3
66. Kh6 Ra6+ 67. Kh5 Kg7 {Game drawn by mutual agreement} 1/2-1/2

[Event "Team 45 45 League T37"]
[Site "Internet Chess Club"]
[Date "2008.04.26"]
[Round "1"]
[White "Bega"]
[Black "touchthis"]
[Result "0-1"]
[WhiteElo "1755"]
[BlackElo "1815"]
[Opening "French: Tarrasch, Guimard variation"]
[ECO "C04"]
[Time "13:58:38"]
[TimeControl "2700+45"]

1. e4 e6 2. d4 d5 3. Nd2 Nc6 4. c3 e5 5. exd5 Qxd5 6. Nb3 Be6 7. Be3 exd4 8.
Nxd4 Nxd4 9. Bxd4 O-O-O 10. Qf3 Kb8 11. Qxd5 Bxd5 12. b3 Re8+ 13. Be3 Ba3 14.
Rd1 Bc6 15. Ne2 Nf6 16. Nd4 Bb2 17. Nxc6+ bxc6 18. c4 Bc3+ 19. Ke2 Bb4 20. h3
Ne4 21. Kf3 f5 22. Bd4 Ng5+ 23. Kg3 Bd6+ 24. f4 Re4 25. Be5 Bxe5 26. fxe5 f4+
27. Kg4 Ne6 28. Kf5 Nc5 29. b4 Rf8+ 30. Kg4 h5+ 31. Kxh5 Rxe5+ 32. Kg4 Ne4 33.
Kf3 Ng3 34. Rg1 Re3+ 35. Kg4 Nxf1 36. Rdxf1 Rg3+ {White resigns} 0-1

[Event "Team 45 45 League T37"]
[Site "Internet Chess Club"]
[Date "2008.04.29"]
[Round "1"]
[White "crazynights"]
[Black "parrot9"]
[Result "1-0"]
[WhiteElo "1566"]
[BlackElo "1670"]
[Opening "Sicilian: Najdorf, Byrne (English) attack"]
[ECO "B90"]
[Time "16:05:25"]
[TimeControl "2700+45"]

1. e4 c5 2. Nf3 d6 3. d4 cxd4 4. Nxd4 Nf6 5. Nc3 a6 6. Be3 e6 7. Be2 b5 8. Bf3
Bb7 9. e5 Bxf3 10. Qxf3 Nd5 11. Nxd5 exd5 12. Qxd5 Nd7 13. e6 fxe6 14. Nxe6 Nf6
15. Qxa8 Qxa8 16. Nc7+ Kd7 17. Nxa8 Be7 18. Nb6+ Kc6 19. a4 Bd8 20. a5 Re8 21.
O-O {Black resigns} 1-0